 Dungeon Crawl Stone Soup version 0.27-a0-323-gbd089401bb (webtiles) character file.

Game seed: 12768257615199121729

8 dickylongcocking the Ducker (level 2, 21/22 HPs)
             Began as a Demonspawn Gladiator on Feb 11, 2021.
             Quit the game on level 1 of the Dungeon.
             The game lasted 00:01:15 (295 turns).

dickylongcocking the Ducker (Demonspawn Gladiator)   Turns: 295, Time: 00:01:15

Health: 21/22      AC:  4    Str: 14    XL:     2   Next: 0%
Magic:  2/2        EV: 12    Int:  9    God:
Gold:   20         SH:  0    Dex: 14    Spells: 1/1 levels left

rFire    . . .     SeeInvis .     - Unarmed
rCold    . . .     Faith    .   (no shield)
rNeg     . . .     Spirit   .   a - +0 leather armour
rPois    .         Reflect  .   b - +0 helmet
rElec    .         Harm     .   (no cloak)
rCorr    .         Rampage  .   (no gloves)
Will     .....                  (no boots)
Stlth    +.........             (no amulet)
HPRegen  0.07/turn              (no ring)
MPRegen  0.08/turn              (no ring)

@: no status effects
A: powered by death 1
a: no special abilities


You were on level 1 of the Dungeon.
You visited 1 branch of the dungeon, and saw 1 of its levels.

You collected 20 gold pieces.

Inventory:

Missiles
 c - 3 throwing nets (quivered)
Armour
 a - a +0 leather armour (worn)
 b - a +0 helmet (worn)


   Skills:
 - Level 2.2 Fighting
 + Level 1.8 Throwing
 + Level 0.1 Armour
 + Level 2.9 Dodging
 + Level 2.8 Unarmed Combat


You had one spell level left.
You didn't know any spells.
Your spell library was empty.

Dungeon Overview and Level Annotations

Branches:
Dungeon (1/15)

Altars:


Innate Abilities, Weirdness & Mutations

You regenerate a little health from kills.


Message History

You see here a leather armour.
You hit the rat.
You kill the rat!
You have reached level 2!
Your demonic ancestry asserts itself...
A wave of death washes over you.
You now have 20 gold pieces (gained 10).
You see here a leather armour.
You see here a rat corpse.
There is a stone staircase leading down here.
Found 23 arrows.
No target in view!
A bat comes into view.
A bat is nearby!
A bat is nearby!
You hit the bat but do no damage. The bat hits you but does no damage.
You hit the bat but do no damage. The bat closely misses you.
The bat barely misses you. The bat hits you but does no damage. x2
You hit the bat but do no damage. The bat hits you but does no damage.
The bat barely misses you.
A bat is nearby!
You hit the bat.
The bat is moderately wounded.
The bat hits you but does no damage.
A bat is nearby!
The bat misses you.
A bat is nearby!
The bat barely misses you.
You barely miss the bat.
The bat is moderately wounded.
The bat hits you. The bat closely misses you.
Unknown command.
Are you sure you want to abandon this character and quit the game? (Confirm with "yes".)
Okay, then.
Unknown command.
Autopickup is now off.
Unknown command.
Are you sure you want to abandon this character and quit the game? (Confirm with "yes".)

#. .... ......#.#.
#.#+##.#.## #######.#.
#.........# #.......#.
#.........# #.#######.
#.........# #.
#.........# #.
#.........## .#######.
#..........# )........
#....@...#.###########
#........#.>.....†[...
#........#.###########
#.....b....#
#.........##
.............
#.####.###.#### .. ...
... #### ...##


You could see a bat.

Vanquished Creatures
  A leopard gecko (D:1)
  A giant cockroach (D:1)
  A hobgoblin (D:1)
  A kobold (D:1)
  A frilled lizard (D:1)
  2 rats (D:1)
7 creatures vanquished.

Notes
Turn   | Place    | Note
-------+----------+-------------------------------------------
     0 | D:1      | dickylongcocking the Demonspawn Gladiator began the quest
                  | for the Orb.
     0 | D:1      | Reached XP level 1. HP: 16/16 MP: 1/1
   267 | D:1      | Gained mutation: You regenerate a little health from kills.
                  | [demonic ancestry]
   267 | D:1      | Reached XP level 2. HP: 22/22 MP: 2/2
   295 | D:1      | Quit the game

Illustrated notes

Levels and vault maps discovered:
D:1:      sevenhm_arrival_forest_fort_small_6, layout_basic

Action                   || total
-------------------------++-------
Melee: Unarmed           ||    27
Armor: Leather armour    ||     8
Dodge: Dodged            ||    14

Table legend: (Time is in decaauts)
 A = Elapsed time spent in this place.
 B = Non-inter-level travel time spent in this place.
 C = Inter-level travel time spent in this place.
 D = Time resting spent in this place.
 E = Time spent auto-exploring this place.
 F = Levels seen in this place.
 G = Mean time per level.
                   A        B        C        D        E       F      G
               +--------+--------+--------+--------+--------+-----+--------+
         Total |    293 |    293 |      0 |      0 |    239 |   1 |  293.0 |
       Dungeon |    293 |    293 |      0 |      0 |    239 |   1 |  293.0 |
               +--------+--------+--------+--------+--------+-----+--------+

Top non-repeatable levels by time:
     D:1: 293 daAuts
